 Dungeon Crawl Stone Soup version 0.21.0-3-g78d12a8 (webtiles) character file.

101 Amaterasu the Changer (level 4, -7/30 HPs)
             Began as an Octopode Transmuter on Jan 15, 2018.
             Blown up by Ijyb (18 damage)
             ... with a wand of disintegration (12)
             ... on level 3 of the Dungeon.
             The game lasted 00:04:31 (1972 turns).

Amaterasu the Changer (Octopode Transmuter)         Turns: 1972, Time: 00:04:32

Health: -7/30      AC:  2    Str:  9    XL:     4   Next: 75%
Magic:  4/7        EV: 19    Int: 16    God:
Gold:   180        SH:  2    Dex: 17    Spells: 2/8 levels left

rFire    . . .     SeeInvis .     - Unarmed
rCold    . . .     Gourm    .   (shield currently unavailable)
rNeg     . . .     Faith    .   (helmet currently unavailable)
rPois    x         Spirit   .   e - +2 amulet of reflection
rElec    .         Reflect  +   (no ring)
rCorr    .         Harm     .   (no ring)
MR       .....                  (no ring)
Stlth    ++........             (no ring)
HPRegen  0.10/turn              (no ring)
MPRegen  0.10/turn              (no ring)
                                (no ring)
                                (no ring)

@: spider-form
A: tiny, almost no armour, stealthy swim, (amphibious), 8 rings, (constrict 8)
a: End Transformation


You were on level 3 of the Dungeon.
You were not hungry.
You were a venomous arachnid creature.
You visited 1 branch of the dungeon, and saw 3 of its levels.

You collected 180 gold pieces.

Inventory:

Missiles
 a - 47 arrows
 n - 9 poisoned needles
Jewellery
 e - a +2 amulet of reflection (around neck)
Scrolls
 h - a scroll of identify {unknown}
 k - 2 scrolls of remove curse
 m - a scroll of fear {unknown}
 o - a scroll of enchant armour
 q - a scroll of blinking {unknown}
Potions
 d - 3 potions of degeneration {unknown}
 f - a potion of cancellation {unknown}
 g - a potion of mutation {unknown}
 i - a potion of brilliance {unknown}
 j - 2 potions of agility {unknown}
 l - a potion of heal wounds {unknown}
 p - 2 potions of lignification {unknown}
Books
 b - a book of Changes

   Spells                             Type                      Level
   a - Beastly Appendage              Transmutation                1
   b - Sticks to Snakes               Transmutation                2
   c - Spider Form                    Transmutation/Poison         3
   d - Ice Form                       Ice/Transmutation            4
   e - Blade Hands                    Transmutation                5
Comestibles
 c - 9 rations


   Skills:
 * Level 2.5 Fighting
 - Level 2.0 Dodging
 - Level 3.0 Unarmed Combat
 * Level 2.6 Spellcasting
 * Level 3.5 Transmutations


You had 2 spell levels left.
You knew the following spells:

 Your Spells              Type           Power        Failure   Level  Hunger
a - Beastly Appendage     Tmut           ##....       13%         1    #......
b - Sticks to Snakes      Tmut           ##......     19%         2    ##.....
c - Spider Form           Tmut/Pois      #.........   50%         3    ###....


Dungeon Overview and Level Annotations

Branches:
Dungeon (3/15)

Altars:
Nemelex Xobeh

Annotations:
D:3 Ijyb


Innate Abilities, Weirdness & Mutations

You cannot wear most types of armour.
You are very stealthy in the water. (Stealth+)
((You are amphibious.))
You can wear up to eight rings at the same time.
((You can use your tentacles to constrict eight enemies at once.))
((Your skin changes colour to match your surroundings (Stealth+).))
((Your rubbery body absorbs attacks. (AC +1, EV +1)))


Message History

You hit Ijyb.
Ijyb is poisoned.
Ijyb is lightly wounded.
Ijyb hits you but does no damage.
You hit Ijyb but do no damage.
Ijyb looks as sick as possible!
Ijyb is lightly wounded.
Ijyb zaps a wand.
You barely resist.
It is a wand of disintegration (13).
You hit Ijyb but do no damage.
Ijyb looks as sick as possible!
Ijyb is moderately wounded.
Ijyb screams, "No!
No, no, no, no!"
Ijyb zaps a wand.
You are blasted!
Ouch! That really hurt!
The quokka completely misses you.
You hit Ijyb.
Ijyb looks as sick as possible!
Ijyb is heavily wounded.
The quokka closely misses you. Ijyb hits you with a dagger.
You closely miss Ijyb.
Ijyb is heavily wounded.
The quokka completely misses you.
Ijyb zaps a wand.
You are blasted!
Ouch! That really hurt!
You die...

#......#............#.
######..................
#...................
#...................
#............(....#.
#...............$..
#..........$.....#
#................#
##........sr....#
##........g...##
##.##..###.######
#.....##.....$...
#####.##.........
...#.........
##.........$.
........... ...........


You could see Ijyb and a quokka.

Vanquished Creatures
  3 adders (D:2)
  An ooze (D:2)
  2 worms (D:2)
  A dart slug (D:2)
  A leopard gecko (D:2)
  8 bats
  3 giant cockroaches
  3 goblins
  11 hobgoblins
  7 jackals
  2 quokkas (D:2)
  A frilled lizard (D:3)
  10 kobolds
  4 rats
57 creatures vanquished.

Notes
Turn   | Place    | Note
-------+----------+-------------------------------------------
     0 | D:1      | Amaterasu the Octopode Transmuter began the quest for the Orb.
     0 | D:1      | Reached XP level 1. HP: 13/13 MP: 3/3
    65 | D:1      | Reached XP level 2. HP: 9/18 MP: 3/5
    79 | D:1      | Learned a level 2 spell: Sticks to Snakes
   501 | D:1      | Found a sparkling altar of Nemelex Xobeh.
   719 | D:1      | Reached XP level 3. HP: 12/24 MP: 4/6
   724 | D:1      | Learned a level 3 spell: Spider Form
  1211 | D:2      | Reached XP level 4. HP: 21/30 MP: 4/7
  1961 | D:3      | Noticed Ijyb
  1972 | D:3      | Blown up by Ijyb

Skill      XL: |  1  2  3 |
---------------+----------+-----
Fighting       | 2 |  2.5
Transmutations | 3 |  3.5
Dodging        | |  2.0
Unarmed Combat | |  3.0
Spellcasting   | |  2.6

Action                   |  1- 3 |  4- 6 || total
-------------------------+-------+-------++-------
Melee: Unarmed           |    85 |    53 ||   138
       Constrict         |    22 |    14 ||    36
       Tentacles         |    11 |     3 ||    14
       Kick              |    10 |     5 ||    15
       Punch             |     1 |     3 ||     4
 Cast: Beastly Appendage |     6 |     4 ||    10
       Spider Form       |     2 |     2 ||     4
  Use: Scroll            |     3 |       ||     3
 Stab: Sleeping          |     6 |     1 ||     7
  Eat: Chunk             |     1 |     3 ||     4
Armor: Skin              |     5 |    10 ||    15
Dodge: Dodged            |    51 |    38 ||    89
Block: Other             |     4 |     4 ||     8
       Reflection        |     1 |       ||     1
